AoeStats
← Nano

Nomad

509962282Analyzed
3v3 RM · 4d ago on Sep 28, 2026· 42m 32s· 6 players
Game mode
Random Map
Map size
210×210
Population
200
Speed
Normal
Resources
Standard
Victory
Conquest
Starting age
Dark Age
Ending age
Imperial Age
RankedLock teamsTeams togetherTeam positionsShared explorationLock speedFull tech treeHidden civsTurbo modeCheats
Victory
Defeat
🇩🇪 Tatars · Germany
474
+10
🇮🇪 Britons · Ireland
444
+11
🇵🇪 Cumans · Peru
433
+11
🇲🇪 Persians · Montenegro
359
-12
🇪🇸 Persians · Spain
324
-10
🇨🇭 Danes · Switzerland
323
-10
Max PaUra
6:23 Loom
22:07 Feudal Age
22:58 Horse Collar
24:51 Wheelbarrow
24:03 Town Watch
28:54 Man-at-Arms
29:20 Arson
32:04 Double-Bit Axe
35:16 Forging
34:57 Fletching
35:14 Scale Mail Armor
35:16 Padded Archer Armor
37:30 Castle Age
39:16 Heavy Plow
40:34 Bodkin Arrow
40:57 Leather Archer Armor
40:51 Long Swordsman
41:18 Gambesons
sstylevines
19:54 Feudal Age
21:29 Wheelbarrow
20:39 Horse Collar
20:46 Double-Bit Axe
30:09 Bloodlines
31:37 Forging
31:33 Scale Barding Armor
ljubob
4:09 Loom
4:15 Loom
18:56 Feudal Age
20:09 Wheelbarrow
19:33 Double-Bit Axe
19:31 Horse Collar
Nano
4:33 Loom
24:13 Feudal Age
27:15 Wheelbarrow
26:25 Town Watch
26:27 Horse Collar
26:10 Man-at-Arms
26:36 Arson
26:41 Double-Bit Axe
26:41 Fishing Lines
27:45 Gold Mining
27:46 Stone Mining
29:51 Forging
29:32 Fletching
29:43 Scale Mail Armor
34:05 Castle Age
33:40 Bloodlines
33:41 Scale Barding Armor
34:42 Padded Archer Armor
36:30 Bodkin Arrow
37:11 Iron Casting
36:57 Chain Barding Armor
36:57 Hand Cart
36:43 Town Patrol
37:21 Bow Saw
37:53 Gold Shaft Mining
37:29 Husbandry
36:49 Light Cavalry
37:22 Pikeman
38:05 Squires
39:07 Long Swordsman
41:07 Heavy Plow
42:25 Coinage
42:32 Murder Holes
42:48 Fortified Wall
42:50 Masonry
daveofempires
15:01 Feudal Age
16:28 Wheelbarrow
15:43 Double-Bit Axe
15:42 Horse Collar
22:52 Gold Mining
28:10 Castle Age
26:21 Padded Archer Armor
26:11 Fletching
27:49 Man-at-Arms
29:27 Hand Cart
29:33 Heavy Plow
30:08 Bow Saw
30:41 Gold Shaft Mining
32:02 Leather Archer Armor
31:43 Bodkin Arrow
31:49 Scale Mail Armor
39:21 Crossbowman
pavelinhos
14:38 Feudal Age
19:19 Bloodlines
19:51 Scale Barding Armor
22:22 Horse Collar
27:12 Castle Age
34:10 Gold Mining
40:08 Stone Mining
41:25 Double-Bit Axe
41:46 Heavy Plow
Connection lost

Rejoining the realm…

Still unreachable

The connection could not be restored.

Session expired

The server has moved on; the page needs a fresh start.